 Dungeon Crawl Stone Soup version 0.27-a0-1149-g4505690ab0 (webtiles) character file.

Game seed: 6773195198824964671

4064 Lekart the Fighter (level 10, 0/136 HPs)
             Began as a Black Draconian Chaos Knight on May 13, 2021.
             Was a Plaything of Xom.
             Slain by a skeletal warrior
             ... wielding a +0 war axe
             ... led by a skeletal warrior
              (11 damage)
             ... on level 8 of the Dungeon.
             The game lasted 00:19:11 (9941 turns).

Lekart the Fighter (Black Draconian Chaos Knight)   Turns: 9941, Time: 00:19:12

Health: 0/136      AC: 29    Str: 15 (16) XL:     10   Next: 5%
Magic:  10/10      EV:  2    Int: 14      God:    Xom [..*...]
Gold:   435        SH:  0    Dex: 12 (13) Spells: 9/9 levels left

rFire    . . .     SeeInvis +   g - +6 quarterstaff (freeze)
rCold    . . .     Faith    .   (shield currently unavailable)
rNeg     + + +     Spirit   .   (armour unavailable)
rPois    +         Reflect  .   (helmet currently unavailable)
rElec    .         Harm     .   (cloak currently unavailable)
rCorr    .         Rampage  .   (gloves currently unavailable)
Will     .....     Clarity  +   (boots currently unavailable) Stlth +.........NoTele +
                                (no amulet)
HPRegen  0.32/turn              j - +4 ring of protection
MPRegen  0.12/turn              p - ring of poison resistance

@: tree-form
A: stationary, stasis, torment immunity, boosted hp, (breathe lightning), AC +7,
unfitting armour, (electricity resistance), (cold-blooded), (talons 1), see
invisible, clarity, clever 1, deterioration 2, screaming 1, evolution 1
a: Renounce Religion


You were on level 8 of the Dungeon.
You worshipped Xom.
You were a toy of Xom.
You were a tree.
You visited 2 branches of the dungeon, and saw 10 of its levels.

You collected 455 gold pieces.
You spent 20 gold pieces at shops.

Inventory:

Hand Weapons
 a - a +0 falchion of chaos
 g - a +6 quarterstaff of freezing (weapon)
 i - a +2 dagger of electrocution
Missiles
 u - 13 javelins (quivered)
 A - 3 curare-tipped darts
 G - 4 datura-tipped darts
Armour
 h - a +0 cloak (melded)
 t - a +0 pair of gloves (melded)
Jewellery
 b - a +4 ring of protection
 d - an amulet of regeneration
 j - a +4 ring of protection (left branch)
 p - a ring of poison resistance (right branch)
 v - a ring of positive energy
 w - a ring of see invisible
 x - an amulet of guardian spirit
Wands
 l - a wand of charming (3)
 s - a wand of flame (38)
 I - a wand of iceblast (7)
Scrolls
 k - a scroll of fog
 m - a scroll of amnesia
 o - a scroll of fear
 r - a scroll of acquirement {unknown}
 y - 2 scrolls of teleportation
Potions
 c - 4 potions of curing
 n - a potion of brilliance {unknown}
 q - 2 potions of haste
 z - a potion of ambrosia
 B - a potion of attraction
 C - a potion of might
 E - a potion of berserk rage {unknown}
 H - 2 potions of flight {unknown}


   Skills:
 * Level 9.6 Fighting
 + Level 1.2(3.0) Short Blades
 + Level 4.3(4.4) Long Blades
 + Level 8.0 Staves
 + Level 5.3 Throwing
 + Level 5.4 Dodging
 + Level 0.1 Evocations


You had 9 spell levels left.
You didn't know any spells.
Your spell library contained the following spells:

 Spells                   Type           Power      Damage    Failure   Level
 Summon Small Mammal      Summ           0%         N/A       28%         1
 Call Imp                 Summ           0%         N/A       41%         2
 Call Canine Familiar     Summ           0%         N/A       65%         3
 Confusing Touch          Hex            0%         N/A       65%         3
 Gell's Gravitas          Tloc           0%         N/A       65%         3
 Summon Guardian Golem    Hex/Summ       0%         N/A       65%         3
 Petrify                  Tmut/Erth      0%         N/A       96%         4
 Summon Ice Beast         Ice/Summ       0%         N/A       96%         4
 Summon Lightning Spire   Summ/Air       0%         N/A       96%         4
 Metabolic Englaciation   Hex/Ice        0%         N/A       100%        5
 Yara's Violent Unravell  Hex/Tmut       0%         3d3       100%        5


Dungeon Overview and Level Annotations

Branches:
Dungeon (9/15)             Temple (1/1) D:4
   Lair: D:8-11         Orc: D:9-12

Altars:
Ashenzari
Cheibriados
Dithmenos
Elyvilon
Fedhas
Gozag
Hepliaklqana
Kikubaaqudgha
Makhleb
Nemelex Xobeh
Okawaru
Qazlal
Ru
Sif Muna
Trog
Uskayaw
Vehumet
Wu Jian
Xom
Yredelemnul
Zin
The Shining One

Shops:
D:2 [   D:6 (


Innate Abilities, Weirdness & Mutations

You are a tree.
Your roots penetrate the ground, keeping you stationary.
You cannot be teleported.
You are immune to unholy pain and torment.
Your maximum health is greatly increased.
Your equipment is partially melded.
((You can breathe wild blasts of lightning.))
((Your glossy black scales are hard. (AC +7)))
You cannot fit into any form of body armour.
((You are resistant to electric shocks. (rElec)))
((You are cold-blooded and may be slowed by cold attacks.))
((You have sharp toenails.))
You have supernaturally acute eyesight. (SInv)
You possess an exceptional clarity of mind.
Your mind is acute. (Int +2)
Your body often deteriorates upon taking damage.
You occasionally shout uncontrollably at your foes.
You evolve.


Message History

You closely miss the skeletal warrior.
The skeletal warrior is heavily damaged.
The skeletal warrior hits you but does no damage.
You hit the skeletal warrior but do no damage.
The skeletal warrior is heavily damaged.
The skeletal warrior barely misses you.
You barely miss the skeletal warrior.
The skeletal warrior is heavily damaged.
The skeletal warrior hits you with a +0 war axe.
You hit the skeletal warrior but do no damage.
The skeletal warrior is heavily damaged.
The skeletal warrior hits you with a +0 war axe!
* * * LOW HITPOINT WARNING * * *
You hit the skeletal warrior. You freeze the skeletal warrior.
The skeletal warrior is heavily damaged.
The skeletal warrior hits you but does no damage.
You hit the skeletal warrior. You freeze the skeletal warrior.
The skeletal warrior is severely damaged.
Xom grants you insight.
You feel momentarily disoriented.
You completely miss the skeletal warrior.
The skeletal warrior is severely damaged.
The skeletal warrior hits you with a +0 war axe!
* * * LOW HITPOINT WARNING * * *
You hit the skeletal warrior but do no damage.
The skeletal warrior is severely damaged.
The skeletal warrior hits you with a +0 war axe!
* * * LOW HITPOINT WARNING * * *
You barely miss the skeletal warrior.
The skeletal warrior is severely damaged.
The skeletal warrior hits you but does no damage.
You closely miss the skeletal warrior.
The skeletal warrior is severely damaged.
The skeletal warrior hits you with a +0 war axe!
* * * LOW HITPOINT WARNING * * *
You hit the skeletal warrior.
The skeletal warrior is severely damaged.
The skeletal warrior hits you with a +0 war axe!
You die...
Xom snickers!

#......# #.####.#
#.# #.#
#.####.####### #
#.#..(.......# #
#............######
#............##....
##z.........(##....
#♣..........##....
#.............)...
##...........#....
#..........######
#.......)..# ##
#..........#####.
#........>.....#.
#...........##)#.
##.......###.##.#.


You could see a skeletal warrior.

Vanquished Creatures
  Maurice (D:8)
  A hornet (D:7)
  A blink frog (D:6)
  A wyvern (D:7)
  A steam dragon (D:8)
  3 water moccasins
  A sky beast (D:5)
  An ice beast (D:6)
  A hornet zombie (D:8)
  4 necrophages
  A centaur (D:7)
  3 ogres
  4 lemures (D:6)
  3 bullfrogs
  A gnoll sergeant (D:8)
  A scorpion (D:7)
  Blork the orc (D:4)
  A wyvern zombie (D:8)
  A water moccasin zombie (D:6)
  A water moccasin skeleton (D:6)
  A wight (D:8)
  An electric eel (D:8)
  2 howler monkeys
  2 jellies
  3 centaur zombies
  A bullfrog skeleton (D:6)
  7 hounds
  Crazy Yiuf (D:2)
  A gnoll shaman (D:7)
  2 orc priests (D:5)
  Jessica (D:2)
  Natasha (thrice) (D:2)
  A hound zombie (D:5)
  Robin (D:2)
  8 gnolls
  2 adders
  A shadow imp (D:7)
  A white imp (D:8)
  5 ufetubi
  An adder skeleton (D:5)
  2 worms (D:3)
  2 dart slugs (D:2)
  10 orcs
  2 ball pythons
  10 endoplasms
  6 giant cockroaches
  15 goblins
  10 hobgoblins
  11 jackals
  7 kobolds
  9 quokkas
  2 bats
  7 frilled lizards
  8 rats
178 creatures vanquished.

Vanquished Creatures (collateral kills)
  A troll (D:6)
  An ice beast (D:8)
  A jelly (D:8)
3 creatures vanquished.

Vanquished Creatures (others)
  An orc (D:4)
1 creature vanquished.

Grand Total: 182 creatures vanquished

Notes
Turn   | Place    | Note
-------+----------+-------------------------------------------
     0 | D:1      | Lekart the Draconian Chaos Knight began the quest for the
                  | Orb.
     0 | D:1      | Reached XP level 1. HP: 19/19 MP: 1/1
    71 | D:1      | XOM: potion effect (curing)
   174 | D:1      | Reached XP level 2. HP: 25/27 MP: 2/2
   262 | D:1      | Reached skill level 4 in Fighting
   318 | D:1      | XOM: divination: detect creatures
   520 | D:1      | Found a faded altar of an unknown god.
   603 | D:1      | Reached XP level 3. HP: 33/33 MP: 3/3
   828 | D:2      | Found Kuanli's Antique Armour Shop.
   885 | D:2      | Noticed Jessica
   887 | D:2      | XOM: smoke on damage
   895 | D:2      | XOM: potion effect (haste)
   897 | D:2      | Killed Jessica
   932 | D:2      | Reached XP level 4. HP: 35/41 MP: 4/4
  1034 | D:2      | XOM: divination: detect items
  1141 | D:2      | Noticed Natasha
  1146 | D:2      | Killed Natasha
  1219 | D:2      | Noticed Robin
  1446 | D:2      | Killed Robin
  1630 | D:2      | XOM: give mutations
  1630 | D:2      | Gained mutation: You are weak. (Str -2) [Xom's mischief]
  1630 | D:2      | Gained mutation: Your spells are a little easier to cast,
                  | but a little less powerful. [Xom's mischief]
  1630 | D:2      | Gained mutation: You have sharp toenails. [Xom's mischief]
  1658 | D:2      | Reached XP level 5. HP: 47/47 MP: 5/5
  1687 | D:2      | Found a runed translucent door.
  1688 | D:2      | Noticed Crazy Yiuf
  1738 | D:2      | XOM: noise
  1779 | D:2      | Noticed Natasha
  1788 | D:2      | Killed Natasha
  1789 | D:2      | Reached skill level 5 in Fighting
  1868 | D:2      | XOM: summons 3 hostile shadow creatures
  1943 | D:2      | XOM: summons 2 hostile demons
  2148 | D:2      | Noticed Natasha
  2159 | D:2      | Killed Natasha
  2193 | D:2      | Killed Crazy Yiuf
  2611 | D:3      | XOM: 2-stop teleportation journey
  2688 | D:3      | Reached skill level 1 in Short Blades
  2780 | D:3      | XOM: god gift: 5 boomerangs of dispersal
  2871 | D:3      | Found a shimmering altar of Xom.
  3182 | D:3      | XOM: give mutation
  3182 | D:3      | Gained mutation: You are robust. (+10% HP) [Xom's grace]
  3377 | D:4      | Noticed an ogre
  3377 | D:4      | XOM: summons friendly white imp
  3380 | D:4      | Killed an ogre
  3381 | D:4      | Reached skill level 1 in Staves
  3381 | D:4      | Reached XP level 6. HP: 49/61 MP: 6/6
  3552 | D:4      | XOM: enchant monster (good)
  3817 | D:4      | Noticed Blork the orc
  3817 | D:4      | XOM: divination: magic mapping
  3824 | D:4      | Killed Blork the orc
  3829 | D:4      | Found a broken altar of Ashenzari.
  3904 | D:4      | XOM: god gift: 58 gold pieces
  3994 | D:4      | Found a staircase to the Ecumenical Temple.
  4000 | Temple   | Entered the Ecumenical Temple
  4206 | D:5      | Entered Level 5 of the Dungeon
  4255 | D:5      | Reached skill level 1 in Throwing
  4395 | D:5      | Reached skill level 6 in Fighting
  4395 | D:5      | Your scales start taking on a glossy black colour.
  4395 | D:5      | Reached XP level 7. HP: 62/69 MP: 7/7
  4395 | D:5      | Gained mutation: You are resistant to electric shocks.
                  | (rElec) [Black Draconian growth]
  4454 | D:5      | XOM: summons 5 friendly demons
  4500 | D:5      | XOM: cleaving
  4503 | D:5      | Reached XP level 8. HP: 43/78 MP: 8/8
  4930 | D:5      | Noticed a +0 dagger
  4931 | D:5      | Noticed a +0 dagger
  4933 | D:5      | Found a hide-covered altar of Uskayaw.
  4956 | D:5      | Reached skill level 7 in Fighting
  5411 | D:6      | Noticed a troll
  5412 | D:6      | XOM: summons 2 friendly demons
  5418 | D:6      | Killed a troll
  5419 | D:6      | Reached skill level 5 in Staves
  5862 | D:6      | XOM: 1-stop teleportation journey
  6046 | D:6      | Found Ihus Vui's Weapon Emporium.
  6062 | D:6      | Bought 4 datura-tipped darts for 20 gold pieces
  6190 | D:6      | Reached XP level 9. HP: 88/88 MP: 9/9
  6297 | D:6      | XOM: give mutations
  6297 | D:6      | Gained mutation: You sometimes lose the ability to read
                  | scrolls when taking damage. [Xom's mischief]
  6297 | D:6      | Lost mutation: You are weak. (Str -2) [Xom's mischief]
  6297 | D:6      | Gained mutation: You are clumsy. (Dex -2) [Xom's mischief]
  6297 | D:6      | Lost mutation: You are robust. (+10% HP) [Xom's mischief]
  6409 | D:6      | XOM: summons 5 hostile demons
  6505 | D:7      | XOM: summons 3 hostile shadow creatures
  6511 | D:6      | XOM: 4-stop teleportation journey
  6660 | D:6      | XOM: give mutations
  6660 | D:6      | Gained mutation: Your body sometimes deteriorates upon
                  | taking damage. [Xom's mischief]
  6660 | D:6      | Lost mutation: You sometimes lose the ability to read
                  | scrolls when taking damage. [Xom's mischief]
  6660 | D:6      | Gained mutation: You occasionally shout uncontrollably at
                  | your foes. [Xom's mischief]
  6660 | D:6      | Gained mutation: Your body often deteriorates upon taking
                  | damage. [Xom's mischief]
  6714 | D:6      | Noticed Pikel
  6720 | D:6      | XOM: confusion
  6725 | D:6      | XOM: stat loss: -1 Int (11/12)
  6728 | D:6      | Noticed Pikel
  6728 | D:6      | Pikel changed into Pikel the blink frog
  6728 | D:6      | XOM: polymorph Pikel -> Pikel the blink frog
  6731 | D:6      | XOM: blink monster(s)
  6750 | D:6      | HP: 2/81 [something (14)]
  6756 | D:6      | Killed Pikel the blink frog
  6757 | D:6      | Reached skill level 8 in Fighting
  6840 | D:6      | XOM: draining
  7125 | D:6      | XOM: god gift: 24 stones
  7141 | D:6      | XOM: god gift: amulet of regeneration
  7302 | D:6      | XOM: summons 4 hostile shadow creatures
  7315 | D:6      | XOM: give mutations
  7315 | D:6      | Gained mutation: Your mind is acute. (Int +2) [Xom's grace]
  7315 | D:6      | Gained mutation: You expend magic power (3 MP) to
                  | strengthen your wands. [Xom's grace]
  7632 | D:7      | XOM: destruction
  7859 | D:7      | Lost mutation: You expend magic power (3 MP) to strengthen
                  | your wands. [potion of mutation]
  7859 | D:7      | Lost mutation: You are clumsy. (Dex -2) [potion of
                  | mutation]
  7859 | D:7      | Gained mutation: You evolve. [potion of mutation]
  7859 | D:7      | Lost mutation: Your spells are a little easier to cast, but
                  | a little less powerful. [potion of mutation]
  7859 | D:7      | Gained mutation: You possess an exceptional clarity of
                  | mind. [potion of mutation]
  8044 | D:7      | XOM: 1-stop teleportation journey
  8050 | D:7      | Reached skill level 5 in Dodging
  8100 | D:7      | Found a white marble altar of Elyvilon.
  9127 | D:8      | Reached skill level 9 in Fighting
  9202 | D:8      | XOM: cast spell 'Summon Horrible Things'
  9203 | D:8      | Reached skill level 5 in Throwing
  9242 | D:8      | Noticed Maurice
  9244 | D:8      | XOM: cast spell 'Metabolic Englaciation'
  9259 | D:8      | Killed Maurice
  9590 | D:8      | Reached XP level 10. HP: 91/91 MP: 10/10
  9655 | D:8      | Identified the +0 ring mail of the Harvest {-Cast rF- rC++
                  | rN+++}
  9741 | D:8      | XOM: give mutation
  9741 | D:8      | Gained mutation: You have supernaturally acute eyesight.
                  | (SInv) [Xom's grace]
  9772 | D:8      | Found a bloodstained altar of Trog.
  9881 | D:8      | XOM: cloud trail
  9907 | D:9      | XOM: silly message
  9913 | D:9      | Noticed a skeletal warrior
  9913 | D:9      | Noticed a skeletal warrior
  9913 | D:9      | Noticed a skeletal warrior
  9915 | D:9      | XOM: cast spell 'Summon Hydra'
  9936 | D:8      | XOM: divination: magic mapping
  9941 | D:8      | Slain by a skeletal warrior

Illustrated notes

Levels and vault maps discovered:
D:1:      saegor_arrival_miasma, layout_rooms,
          hellmonk_ecumenical_altar_inner_sanctum
D:2:      layout_loops_ring, serial_shops, shop, uniq_natasha, uniq_jessica,
          uniq_robin, uniq_crazy_yiuf_cottage
D:3:      layout_loops_corners, overflow_temple_1_default
D:4:      layout_rooms, marbit_many_paths, minmay_temple_entry_drinking_statues,
          uniq_blork_the_orc
D:5:      layout_basic, dancing_weapons_uskayaw
D:6:      layout_basic, serial_shops, shop, supply_closet_lemuel, uniq_pikel
D:7:      layout_layer_cave, elyvilon_altar_5
D:8:      kennysheep_blocky_hall, layout_basic, kennysheep_mini,
          columned_hall_lemuel, kennysheep_small_spiral, uniq_maurice
D:9:      layout_basic, orc_0_dummy, minmay_chambers_of_fives
Temple:   bh_familiar_temple

Skill      XL: |  1  2  3  4  5  6  7  8  9 10 |
---------------+-------------------------------+-----
Fighting       | 4 5 6 7 9 |  9.6
Long Blades    | 4 |  4.3
Dodging        | 3 4 5 |  5.4
Short Blades   | 1 |  1.2
Staves         | 1 2 4 6 7 8 |  8.0
Throwing       | 1 2 4 5 |  5.3
Evocations     | |  0.1

Action                   |  1- 3 |  4- 6 |  7- 9 | 10-12 || total
-------------------------+-------+-------+-------+-------++-------
Melee: Falchion          |    49 |       |       |       ||    49
       Tailslap          |     4 |    13 |    21 |     2 ||    40
       Dagger            |    23 |   112 |       |       ||   135
       Kick              |       |    17 |    45 |     6 ||    68
       Quarterstaff      |       |    76 |   191 |    27 ||   294
Throw: Throwing net      |       |     2 |       |       ||     2
       Boomerang         |       |     5 |       |       ||     5
       Javelin           |       |    29 |    77 |       ||   106
 Abil: Breathe Lightning |       |       |     7 |     1 ||     8
Evoke: Wand              |       |       |     3 |       ||     3
  Use: Potion            |       |     3 |     3 |     2 ||     8
       Scroll            |       |       |    19 |       ||    19
 Stab: Sleeping          |     3 |     2 |       |       ||     5
       Held in net/web   |       |     2 |       |       ||     2
Armor: Skin              |    20 |    83 |   123 |    12 ||   238
Dodge: Dodged            |    52 |   129 |   189 |    13 ||   383
       Rpst.: Falchion   |    15 |       |       |       ||    15

Table legend: (Time is in decaauts)
 A = Elapsed time spent in this place.
 B = Non-inter-level travel time spent in this place.
 C = Inter-level travel time spent in this place.
 D = Time resting spent in this place.
 E = Time spent auto-exploring this place.
 F = Levels seen in this place.
 G = Mean time per level.
                   A        B        C        D        E       F      G
               +--------+--------+--------+--------+--------+-----+--------+
         Total |   9994 |   9549 |    445 |   1501 |   6418 |  10 |  999.4 |
       Dungeon |   9829 |   9397 |    432 |   1501 |   6268 |   9 | 1092.1 |
        Temple |    164 |    151 |     13 |      0 |    150 |   1 |  164.0 |
               +--------+--------+--------+--------+--------+-----+--------+

Top non-repeatable levels by time:
     D:6: 2104 daAuts
     D:7: 1658 daAuts
     D:2: 1463 daAuts
     D:5: 1169 daAuts
     D:1: 933 daAuts
     D:3: 925 daAuts
     D:8: 798 daAuts
     D:4: 736 daAuts
  Temple: 164 daAuts
     D:9: 38 daAuts
